 Dungeon Crawl Stone Soup version 0.30.0-15-g856e2d3f33 (webtiles) character file.

Game seed: 12075112800366259628

5 SnakkuSnakku7 the Vexing (level 1, -1/16 HPs)
             Began as a Ghoul Hexslinger on May 19, 2023.
             Slain by a kobold
             ... wielding a +0 mace
              (3 damage)
             ... on level 1 of the Dungeon.
             The game lasted 00:00:18 (138 turns).

SnakkuSnakku7 the Vexing (Ghoul Hexslinger)          Turns: 138, Time: 00:00:19

Health: -1/16      AC:  2    Str: 13    XL:     1   Next: 80%
Magic:  1/1        EV: 12    Int:  8    God:
Gold:   0          SH:  0    Dex:  9    Spells: 1/2 levels left

rFire   . . .        a - +1 sling
rCold   + . .        (no shield)
rNeg    + + +        c - +0 robe
rPois   ∞            (no helmet)
rElec   .            (no cloak)
rCorr   .            (no gloves)
SInv    .            (no boots)
Will    .....        (no amulet)
Stlth   +            (no ring)
HPRegen 0.00/turn    (no ring)
MPRegen 0.07/turn

%: no passive effects
@: inhibited regen
A: claws 1, cold resistance 1, negative energy resistance 3, inhibited
regeneration, torment resistance 2, devour on kill
a: no special abilities


You were on level 1 of the Dungeon.
You visited 1 branch of the dungeon, and saw 1 of its levels.

Inventory:

Hand Weapons
 a - a +1 sling (weapon)
Armour
 c - a +0 robe (worn)
Scrolls
 b - a scroll of poison
 d - a scroll of enchant weapon {unknown}


   Skills:
 + Level 1.5 Fighting
 - Level 1.7 Ranged Weapons
 - Level 1.7 Dodging
 + Level 0.9 Unarmed Combat
 - Level 1.0 Spellcasting
 - Level 2.4 Hexes


You had one spell level left.
You knew the following spells:

 Your Spells              Type           Power      Damage    Failure   Level
a - Slow                  Hex            16%        N/A       16%         1

Your spell library contained the following spells:

 Spells                   Type           Power      Damage    Failure   Level
 Inner Flame              Hex/Fire       2%         N/A       58%         3
 Portal Projectile        Hex/Tloc       4%         N/A       58%         3
 Cause Fear               Hex            2%         N/A       83%         4


Dungeon Overview and Level Annotations

Branches:
Dungeon (1/15)

Altars:


Innate Abilities, Weirdness & Mutations

You are immune to poison.
You have sharp fingernails.
Your flesh is cold resistant. (rC+)
You are immune to negative energy. (rN+++)
You do not regenerate when monsters are visible.
You are immune to unholy pain and torment.
You thrive by killing the living.


Message History

The goblin throws a stone.
The stone hits you but does no damage.
You shoot a sling bullet. The sling bullet hits the goblin.
You kill the goblin!
No target in view!
No target in view!
No target in view!
d - a scroll labelled WOIQESCH XERE
There is an open door here.
As you open the door, it creaks loudly!
There is an open door here.
You open the door.
The kobold shouts!
There is an open door here.
You shoot a sling bullet.
The sling bullet closely misses the kobold.
You shoot a sling bullet.
The sling bullet hits the kobold but does no damage.
The kobold hits you with a +0 mace. x2
You are too injured to fight recklessly!
You are too injured to fight recklessly!
Unknown command.
You shoot a sling bullet.
The sling bullet barely misses the kobold.
The kobold closely misses you.
You shoot a sling bullet.
The sling bullet closely misses the kobold.
The kobold closely misses you.
Unknown command.
You shoot a sling bullet.
The sling bullet hits the kobold but does no damage.
The kobold closely misses you. The kobold hits you with a +0 mace.
* * * LOW HITPOINT WARNING * * *
You shoot a sling bullet.
The sling bullet closely misses the kobold.
The kobold hits you with a +0 mace.
* * * LOW HITPOINT WARNING * * *
You shoot a sling bullet. The sling bullet hits the kobold.
The kobold is heavily wounded.
The kobold hits you with a +0 mace.
You die...

#############
####...........####
###...#####'#####...###
##..#####≈≈§≈≈≈≈#####..##
##.### #§≈≈.§.§.≈≈≈# ###.##
#.## #....K......# ##.# #.#
###@##### #.# ##.#####
###8'8#8### #####.##
#(##≈..###.........###...##.#
#.#≈≈..##...........##....#.#
.##.#≈§..##............#....#.#
....'≈(..+8.....<...........'.#
.##.#≈...#+............#....#.#
#.#≈≈..##..........)##....#.#
#.##≈..###.........###...##.#


You could see a kobold.

Vanquished Creatures
  2 goblins (D:1)
  2 hobgoblins (D:1)
4 creatures vanquished.

Notes
Turn   | Place    | Note
-------+----------+-------------------------------------------
     0 | D:1      | SnakkuSnakku7 the Ghoul Hexslinger began the quest for the
                  | Orb.
     0 | D:1      | Reached XP level 1. HP: 16/16 MP: 1/1
   138 | D:1      | Slain by a kobold

Illustrated notes

Levels and vault maps discovered:
D:1:      dpeg_arrival_morbid_curiosity, layout_rooms,
          minmay_misc_feat_secret_circle, dreamdust_princess_bridge,
          hex_intersection, chequers_serial_rivers_micro_a,
          chequers_serial_rivers_small_a, minmay_hexomino_f4

Action                     || total
---------------------------++-------
   Fire: Sling             ||    24
 Armour: Robe              ||     2
  Dodge: Dodged            ||     9
